 Dungeon Crawl Stone Soup version 0.31-a0-1447-g87ca8d402b (webtiles) character file.

Game seed: 2363595908602029468

172967 Pooter the Severer (level 17, -5/163 HPs)
             Began as a Minotaur Berserker on Dec 27, 2023.
             Was an Elder of Trog.
             Killed from afar by a salamander tyrant (15 damage)
             ... on level 4 of the Snake Pit on Dec 28, 2023.
             The game lasted 03:13:46 (55552 turns).

Pooter the Severer (Minotaur Berserker)            Turns: 55552, Time: 03:13:47

Health: -5/163     AC: 17    Str: 32    XL:     17   Next: 42%
Magic:  16/16      EV: 18    Int:  6    God:    Trog [****..]
Gold:   1351       SH:  0    Dex: 21    Spells: 16/16 levels left

rFire   + . .        a - +10 broad axe "Micsuusups" {heavy, rC- Int+2 Dex+4}
rCold   x . .        (no shield)
rNeg    . . .        Z - +0 acid dragon scales "Socoti" {rPois rF+ rCorr Slay+3}
rPois   +            d - +2 hat
rElec   .            (no cloak)
rCorr   +            V - +2 pair of gloves {Str+3}
SInv    .            y - +2 pair of boots
Will    +....        p - amulet of regeneration
Stlth   +++          M - +4 ring of slaying
HPRegen 1.27/turn    H - +6 ring of strength
MPRegen 0.15/turn

%: no passive effects
@: studying Axes
A: horns 2, retaliatory headbutt
a: Renounce Religion, Berserk, Trog's Hand, Brothers in Arms


You were on level 4 of the Snake Pit.
You worshipped Trog.
Trog was greatly pleased with you.
You visited 4 branches of the dungeon, and saw 26 of its levels.
You also visited: Sewer.

You collected 3174 gold pieces.
You spent 1823 gold pieces at shops.

Inventory:

Hand Weapons
 a - the +10 broad axe "Micsuusups" (weapon) {heavy, rC- Int+2 Dex+4}
   (You found it on level 1 of the Lair of Beasts)

   Int+2:     It affects your intelligence (+2).
   Dex+4:     It affects your dexterity (+4).
   rC-:       It makes you vulnerable to cold.
 b - a +0 heavy arbalest
   (You found it on level 2 of the Dungeon)
 x - the +1 flail of Watchfulness {holy, rElec rPois rC+++ Str-2}
   (You found it on level 10 of the Dungeon)

   Str-2:     It affects your strength (-2).
   rC+++:     It renders you almost immune to cold.
   rElec:     It insulates you from electricity.
   rPois:     It protects you from poison
 z - a +2 broad axe of flaming
   (Trog gifted it to you on level 4 of the Lair of Beasts)
 A - a +2 demon whip of freezing
   (You found it on level 4 of the Lair of Beasts)
 Q - a +1 antimagic executioner's axe
   (Trog gifted it to you on level 3 of the Snake Pit)
Missiles
 i - 4 javelins
 j - 7 atropa-tipped darts
 q - 17 boomerangs (quivered)
 L - 10 silver javelins
Armour
 d - a +2 hat (worn)
   (You found it on level 1 of the Snake Pit)
 l - a +8 chain mail
   (You found it on level 2 of the Dungeon)
 y - a +2 pair of boots (worn)
   (You found it on level 9 of the Dungeon)
 V - a +2 pair of gloves of strength (worn)
   (You found it on level 5 of the Lair of Beasts)
 Z - the +0 acid dragon scales "Socoti" (worn) {rPois rF+ rCorr Slay+3}
   (You found it on level 5 of the Lair of Beasts)

   Slay+3:    It affects your accuracy & damage with ranged weapons and melee
   (+3).
   rF+:       It protects you from fire.
   rPois:     It protects you from poison rCorr: It protects you from acid and
   corrosion.
Jewellery
 c - a ring of flight
   (You found it on level 1 of the Dungeon)
 h - a +6 ring of dexterity
   (You bought it in a shop on level 5 of the Dungeon)
 p - an amulet of regeneration (around neck)
   (You found it on level 3 of the Dungeon)
 u - a ring of willpower
   (You took it off a kobold on level 4 of the Dungeon)
 G - an amulet of guardian spirit
   (You found it on level 5 of the Lair of Beasts)
 H - a +6 ring of strength (right hand)
   (You found it on level 5 of the Lair of Beasts)
 I - the ring "Miorphit" {rC+ Int+5}
   (You found it on level 13 of the Dungeon)

   [ring of protection from cold]

   Int+5:     It affects your intelligence (+5).
   rC+:       It protects you from cold.
 M - a +4 ring of slaying (left hand)
   (You bought it in a shop on level 5 of the Dungeon)
 P - a ring of poison resistance
   (You took it off a naga sharpshooter on level 1 of the Snake Pit)
Wands
 f - a wand of flame (26)
   (You took it off Grum on level 10 of the Dungeon)
 w - a wand of polymorph (17)
   (You found it on level 13 of the Dungeon)
 D - a wand of digging (2)
   (You found it on level 8 of the Dungeon)
 E - a wand of quicksilver (11)
   (You found it on level 6 of the Dungeon)
 J - a wand of mindburst (15)
   (You found it on level 10 of the Dungeon)
 O - a wand of roots (28)
   (You found it on level 10 of the Dungeon)
 R - a wand of charming (23)
   (You found it on level 1 of the Lair of Beasts)
Scrolls
 m - 6 scrolls of fog
 n - 3 scrolls of blinking
 t - 10 scrolls of teleportation {@r4}
 B - 5 scrolls of poison {!r}
 W - 3 scrolls of fear
 Y - a scroll of summoning
Potions
 g - 9 potions of curing {@q1}
 k - 4 potions of invisibility
 o - 7 potions of heal wounds {@q2}
 s - 6 potions of mutation {!q}
 v - 2 potions of resistance
 C - 4 potions of lignification {!q}
 F - 3 potions of haste {@q3}
 K - 3 potions of cancellation
 N - 3 potions of enlightenment
 U - 3 potions of attraction {!q}
 X - 2 potions of might
Miscellaneous
 e - a condenser vane (inert)
   (You found it on level 4 of the Snake Pit)
 r - a box of beasts
   (You found it on level 3 of the Dungeon)
 S - a phantom mirror
   (You found it on level 13 of the Dungeon)
 T - a lightning rod (4/4) {!a}
   (You found it on level 1 of the Lair of Beasts)


   Skills:
 + Level 17.9 Fighting
 + Level 19.3(19.7) Axes
 - Level 6.8(14.2) Maces & Flails
 - Level 18.0 Ranged Weapons
 + Level 9.8 Armour
 + Level 8.9 Dodging
 + Level 4.2 Stealth
 - Level 15.9 Evocations


You had 16 spell levels left.
You didn't know any spells.
Your spell library was empty.

Dungeon Overview and Level Annotations

Branches:
Dungeon (15/15) Zot: 21049  Temple (0/1) D:6            Lair (5/5) D:8 Zot: 15996
  Swamp (0/4) Lair:2        Snake (4/4) Lair:2 Zot: 11238   Slime (0/5) Lair:4
    Orc (2/2) D:12 Zot: 7811     Elf (0/3) Orc:2        Vaults (0/5) D:14
 Depths (0/4) D:15          Sewer (visited)

Altars:
Ashenzari
Dithmenos
Elyvilon
Fedhas
Gozag
Hepliaklqana
Kikubaaqudgha
Makhleb
Okawaru
Qazlal
Ru
Sif Muna
Uskayaw
Vehumet
Wu Jian
Xom
The Shining One

Shops:
D:5 =   D:8 *   D:15 [   Orc:2 ?[:(   Snake:3 [

Annotations:
Snake:4 Vashnia


Innate Abilities, Weirdness & Mutations

You have a pair of horns on your head.
You reflexively headbutt those who attack you in melee.


Message History

You slice the anaconda!!
You kill the anaconda!
Trog accepts your kill.
You slice the naga sharpshooter!! You slash the salamander tyrant!
You slice Vashnia!! You slice the guardian serpent!!
You feel sick.
You are no longer poisoned.
The guardian serpent coils itself and waves its upper body at you.
The naga ritualist blinks!
The guardian serpent blinks!
Vashnia unwields a +0 mace of protection.
Vashnia wields a +1 heavy longbow.
Vashnia shoots an arrow.
The arrow hits you!!
* * * LOW HITPOINT WARNING * * *
The naga sharpshooter shoots a bolt.
The bolt hits you!
* * * LOW HITPOINT WARNING * * *
The salamander tyrant hits you.
* * * LOW HITPOINT WARNING * * *
You are engulfed in flames!
You resist.
* * * LOW HITPOINT WARNING * * *
The guardian serpent hits you but does no damage.
Clouds condense from the air!
The condenser dries out!
The guardian serpent misses you.
The naga ritualist is engulfed in freezing vapours.
The naga ritualist spits poison at you.
The splash of poison hits you but does no damage.
You resist.
The naga sharpshooter is engulfed in freezing vapours.
The naga sharpshooter shoots a bolt.
The bolt barely misses you.
The bolt hits the naga ritualist!
The guardian serpent casts a spell at you.
The bolt of poison misses you. The salamander tyrant hits you.
* * * LOW HITPOINT WARNING * * *
You are engulfed in flames!
You resist.
* * * LOW HITPOINT WARNING * * *
Vashnia spits poison at you. The splash of poison misses you.
A naga warrior comes into view. It is wielding a +0 glaive.
The guardian serpent hits you!
* * * LOW HITPOINT WARNING * * *
Blink to where?
Press: ? - help, Dir - move target
As you read the scroll of blinking, it crumbles to dust.
The guardian serpent coils itself and waves its upper body at you.
The bolt of poison misses you.
The naga ritualist is engulfed in freezing vapours.
The naga sharpshooter is engulfed in freezing vapours.
The naga sharpshooter shoots a bolt.
The bolt hits you!
* * * LOW HITPOINT WARNING * * *
The salamander tyrant rends the earth beneath you!
The blast of magma engulfs you! You partially resist.
You die...

#.....N ##....#....##..... #..§N
#.....##....+.....
##.§§####......#....#.....
#...NN§§##.....#...##.....
##.§NSNS.##..)##...#......
####.§§..##..#..:.#......
###....#..##...#.....)
########.....#...#...#......
...###..........@##..............
..##...........###....##'#.#..)..
..#....#########.......#.♣.#....<
..#...........##...N.###...###...
..##...).......#....##.......####
...#######....)##..##.........##
.....)............##...........##
.................##...##...##^..#
)..(.............#...###.♣.###...


You could see Vashnia, a naga warrior, a naga sharpshooter, a salamander tyrant,
a naga ritualist (catching breath) and 2 guardian serpents.

Vanquished Creatures
  Mara (Snake:3)
  Aizul (Snake:3)
  3 nagarajas
  An ettin (Orc:1)
  2 entropy weavers (shapeshifter)
  2 rakshasas (D:15)
  2 salamander tyrants (Snake:3)
  An ice dragon (Lair:4)
  3 hydras
  Erolcha (D:10)
  Fannar (D:12)
  9 anacondas
  2 ogre magi
  9 centaur warriors
  3 catoblepae
  5 death knights (D:13)
  11 naga warriors
  9 two-headed ogres
  6 death yaks
  A hell hog (Lair:5)
  5 shock serpents
  2 occultists (D:15)
  10 naga sharpshooters
  A soul eater (D:14)
  4 sun demons
  3 salamander mystics (Snake:3)
  A fire crab (Lair:2)
  A skyshark (Lair:3)
  2 skeletal warriors
  2 orc knights (Orc:2)
  3 naga ritualists
  A necromancer (D:15)
  4 deep elf pyromancers
  2 orc sorcerers
  6 mana vipers
  A wolf spider (Lair:5)
  3 manticores
  31 salamanders
  3 meliai (D:15)
  4 cyclopes
  A meliai (shapeshifter) (D:15)
  A centaur zombie (D:15)
  Joseph (D:7)
  An elephant (Lair:4)
  7 guardian serpents
  29 black mambas
  4 kobold blastminers (Orc:2)
  11 naga magi
  5 gargoyles
  23 cane toads
  A torpor snail (Lair:1)
  4 centaur skeletons
  7 rime drakes
  A rime drake (shapeshifter) (D:13)
  A kobold demonologist (D:14)
  2 ice devils (Lair:4)
  3 efreet
  4 komodo dragons
  A freezing wraith (D:12)
  2 red devils (D:14)
  2 tormentors (D:13)
  A redback zombie (D:15)
  A tengu conjurer (D:15)
  A hellwing (D:14)
  14 polar bears
  4 trolls
  2 hornets (Lair:5)
  A raiju (Lair:5)
  A blink frog (shapeshifter) (D:15)
  14 dream sheep
  14 blink frogs
  16 slime creatures
  5 wraiths
  3 shadows
  20 wyverns
  7 basilisks
  4 redbacks (Lair:5)
  9 wargs
  64 yaks
  2 vampire mosquitoes (D:13)
  2 steam dragons (D:6)
  Grum (D:10)
  A harpy simulacrum (Lair:4)
  31 nagas
  3 acid dragons
  14 hell hounds (Lair:5)
  29 water moccasins
  34 orc warriors
  12 black bears
  5 ice beasts
  2 sky beasts
  A crocodile (Sewer)
  21 centaurs
  14 ogres
  28 wolves
  Blork the orc (D:5)
  9 kobold brigands
  12 bullfrogs
  A two-headed ogre simulacrum (Lair:4)
  2 scorpions
  A gnoll sergeant (D:12)
  6 wights
  4 electric eels
  12 howler monkeys
  A lava snake (Snake:3)
  26 orc priests
  12 hounds
  4 gnoll boudas (D:7)
  4 sleepcaps
  Natasha (twice) (D:3)
  42 orc wizards
  7 iguanas
  A polar bear simulacrum (Lair:4)
  2 boggart skeletons (D:14)
  A spriggan simulacrum (Lair:4)
  A troll simulacrum (Lair:4)
  21 gnolls
  2 river rats
  16 adders
  A naga simulacrum (Lair:4)
  A white imp (D:8)
  4 ufetubi
  5 worms
  A worm (shapeshifter) (D:13)
  4 dart slugs
  100 orcs
  10 endoplasms
  4 giant cockroaches
  10 goblins
  3 hobgoblins
  A jackal (D:3)
  27 kobolds
  4 quokkas
  13 ball pythons
  5 bats
  A frilled lizard (D:2)
  6 rats
  A butterfly (Lair:5)
1045 creatures vanquished.

Vanquished Creatures (collateral kills)
  A naga warrior (Snake:3)
  An ogre (D:7)
2 creatures vanquished.

Vanquished Creatures (others)
  A naga warrior (Snake:4)
  A deep elf knight (D:14)
  A naga (Snake:1)
3 creatures vanquished.

Grand Total: 1050 creatures vanquished

Notes
Turn   | Place    | Note
-------+----------+-------------------------------------------
     0 | D:1      | Pooter the Minotaur Berserker began the quest for the Orb.
     0 | D:1      | Reached XP level 1. HP: 19/19 MP: 0/0
   175 | D:1      | Reached skill level 4 in Axes
   175 | D:1      | Reached XP level 2. HP: 16/27 MP: 1/1
   724 | D:1      | Reached XP level 3. HP: 27/33 MP: 2/2
  1273 | D:2      | Reached ** piety under Trog
  1465 | D:2      | Reached skill level 1 in Ranged Weapons
  1719 | D:2      | Found a white marble altar of Elyvilon.
  1834 | D:3      | Reached skill level 5 in Axes
  1871 | D:3      | Reached XP level 4. HP: 41/41 MP: 3/3
  1893 | D:3      | Found a faded altar of an unknown god.
  1997 | D:3      | Identified the beast talisman of Rooggioh {Will- Str+4
                  | Int+6 Stlth+}
  2056 | D:3      | Found a blossoming altar of Fedhas.
  2173 | D:3      | Noticed Natasha
  2179 | D:3      | Killed Natasha
  2446 | D:3      | Noticed Natasha
  2458 | D:3      | Killed Natasha
  2459 | D:3      | Reached skill level 1 in Evocations
  2459 | D:3      | Reached XP level 5. HP: 47/47 MP: 4/4
  2857 | D:4      | Reached skill level 6 in Axes
  2917 | D:4      | Found an iron altar of Okawaru.
  3010 | D:4      | Reached XP level 6. HP: 52/55 MP: 5/5
  3052 | D:4      | Reached skill level 5 in Fighting
  3516 | D:4      | Reached *** piety under Trog
  3571 | D:5      | Entered Level 5 of the Dungeon
  3587 | D:5      | Found Riymmud's Jewellery Emporium.
  3610 | D:5      | Found a glowing drain.
  3618 | D:5      | Reached XP level 7. HP: 61/61 MP: 6/6
  3637 | Sewer    | Entered a sewer
  3732 | Sewer    | Reached skill level 7 in Axes
  3986 | D:5      | Reached skill level 5 in Ranged Weapons
  4356 | D:5      | Noticed a vampire
  4433 | D:5      | Reached XP level 8. HP: 70/70 MP: 7/7
  4438 | D:5      | Noticed Blork the orc
  4445 | D:5      | Killed Blork the orc
  4566 | D:5      | Found a hide-covered altar of Uskayaw.
  4572 | D:5      | Reached skill level 8 in Axes
  4634 | D:5      | Found a shadowy altar of Dithmenos.
  4643 | D:5      | Found a broken altar of Ashenzari.
  4683 | D:6      | Reached **** piety under Trog
  4887 | D:6      | Reached skill level 5 in Evocations
  4896 | D:6      | Reached skill level 9 in Axes
  4961 | D:6      | Found a staircase to the Ecumenical Temple.
  5027 | D:6      | Identified the +4 robe of Summer {rN++}
  5717 | D:6      | Reached XP level 9. HP: 78/78 MP: 8/8
  5908 | D:7      | Found a shimmering blue altar of Sif Muna.
  5959 | D:7      | Found an ancient bone altar of Kikubaaqudgha.
  5968 | D:7      | Found a radiant altar of Vehumet.
  5968 | D:7      | Noticed Joseph
  5980 | D:7      | Killed Joseph
  5981 | D:7      | Reached skill level 10 in Axes
  6390 | D:7      | Noticed a cyclops
  6423 | D:7      | Killed a cyclops
  6538 | D:6      | Reached skill level 11 in Axes
  6538 | D:6      | Reached XP level 10. HP: 71/88 MP: 9/9
  6618 | D:7      | Found a burning altar of Makhleb.
  6739 | D:5      | Bought a +6 ring of dexterity for 504 gold pieces
  6861 | D:7      | Found a shimmering altar of Xom.
  8069 | D:7      | Reached ***** piety under Trog
  8185 | D:7      | Reached skill level 10 in Ranged Weapons
  8208 | D:8      | Reached skill level 12 in Axes
  8673 | D:8      | Found an ornate altar of the Wu Jian Council.
  8727 | D:8      | Found a sacrificial altar of Ru.
  9010 | D:8      | Found Cipoth's General Store.
  9256 | D:8      | Found a hazy altar of Hepliaklqana.
  9256 | D:8      | Found a stormy altar of Qazlal.
  9289 | D:8      | Found a staircase to the Lair.
  9463 | D:8      | Noticed a two-headed ogre
  9471 | D:8      | Killed a two-headed ogre
 10310 | D:9      | Reached XP level 11. HP: 84/97 MP: 10/10
 10392 | D:9      | Noticed a two-headed ogre
 10398 | D:9      | Killed a two-headed ogre
 10843 | D:9      | Reached skill level 1 in Maces & Flails
 11085 | D:10     | Entered Level 10 of the Dungeon
 11476 | D:10     | Found an opulent altar of Gozag.
 11483 | D:10     | Noticed Erolcha
 11494 | D:10     | Killed Erolcha
 11560 | D:10     | Noticed Grum
 11572 | D:10     | Noticed a two-headed ogre
 11578 | D:10     | Noticed a two-headed ogre
 11584 | D:10     | Killed a two-headed ogre
 11586 | D:10     | Killed Grum
 11590 | D:10     | Killed a two-headed ogre
 11591 | D:10     | Reached skill level 5 in Maces & Flails
 11806 | D:10     | Found a glowing golden altar of the Shining One.
 11901 | D:10     | Identified the +1 flail of Watchfulness {holy, rElec rPois
                  | rC+++ Str-2}
 12029 | D:10     | Reached skill level 10 in Fighting
 12208 | Lair:1   | Entered Level 1 of the Lair of Beasts
 12588 | Lair:1   | Reached skill level 10 in Evocations
 12590 | Lair:1   | Reached XP level 12. HP: 86/106 MP: 11/11
 12719 | Lair:1   | Identified the +10 broad axe "Micsuusups" {heavy, rC- Int+2
                  | Dex+4}
 12774 | Lair:1   | Reached skill level 13 in Axes
 13414 | Lair:2   | You fall into a shaft and drop 1 floor!
 13453 | Lair:3   | Noticed a catoblepas
 13463 | Lair:3   | Killed a catoblepas
 13555 | Lair:3   | Reached skill level 14 in Axes
 13692 | Lair:2   | Upgraded the game from 0.31-a0-1424-g2add1c7226 to
                  | 0.31-a0-1447-g87ca8d402b
 13891 | Lair:2   | Reached XP level 13. HP: 116/116 MP: 12/12
 13907 | Lair:2   | Found a staircase to the Snake Pit.
 14156 | Lair:2   | Found a staircase to the Swamp.
 15562 | Lair:4   | Reached skill level 15 in Axes
 16031 | Lair:4   | Found a staircase to the Slime Pits.
 16577 | Lair:4   | Received a gift from Trog
 16751 | Lair:4   | Reached skill level 15 in Ranged Weapons
 17809 | Lair:4   | Reached skill level 16 in Axes
 18232 | Lair:5   | Entered Level 5 of the Lair of Beasts
 19655 | Lair:5   | Reached XP level 14. HP: 98/127 MP: 13/13
 22704 | Lair:5   | Reached skill level 17 in Axes
 25408 | Lair:5   | Identified the +0 acid dragon scales "Socoti" {rPois rF+
                  | rCorr Slay+3}
 25430 | Lair:5   | Identified the +6 flail of the Disbelieving Sybil {drain,
                  | *Slow +Blink rElec Str-3 Int+7}
 26343 | D:11     | Received a gift from Trog
 26700 | D:11     | You fall into a shaft and drop 3 floors!
 28185 | D:11     | Identified the +6 flail of Dowdy Forgiveness {pain, *Slow
                  | rElec rF+}
 29708 | D:12     | Identified a scroll of acquirement
 29708 | D:12     | Acquired a manual of Evocations
 31474 | D:12     | Found a staircase to the Orcish Mines.
 31567 | D:12     | Noticed Fannar
 31580 | D:12     | Killed Fannar
 31911 | Orc:1    | Entered Level 1 of the Orcish Mines
 32126 | D:5      | Bought a +4 ring of slaying for 1092 gold pieces
 32536 | Orc:2    | Entered Level 2 of the Orcish Mines
 32571 | Orc:2    | Found a staircase to the Elven Halls.
 32677 | Orc:2    | Reached XP level 15. HP: 138/138 MP: 14/14
 35503 | Orc:2    | Found Liys's Book Boutique.
 35505 | Orc:2    | Found Miclul's Antique Weapon Shop.
 35507 | Orc:2    | Found Qiudwoc's Antique Armour Emporium.
 36056 | Orc:2    | Found Oggorhuf's Magic Scroll Shoppe.
 36066 | Orc:2    | Bought a scroll of identify for 26 gold pieces
 36066 | Orc:2    | Bought a scroll of fog for 52 gold pieces
 36066 | Orc:2    | Bought a scroll of poison for 52 gold pieces
 36066 | Orc:2    | Bought a scroll of enchant armour for 97 gold pieces
 36079 | Orc:2    | Found a shimmering blue altar of Sif Muna.
 36874 | D:12     | Reached skill level 15 in Fighting
 39747 | D:13     | Identified the ring "Miorphit" {rC+ Int+5}
 41151 | D:14     | Found a gate to the Vaults.
 41584 | D:15     | Entered Level 15 of the Dungeon
 41635 | D:15     | Found a hide-covered altar of Uskayaw.
 42266 | D:15     | Reached skill level 5 in Armour
 42550 | D:15     | Found a staircase to the Depths.
 42563 | D:15     | Reached XP level 16. HP: 152/152 MP: 15/15
 42629 | D:15     | Reached skill level 5 in Dodging
 42772 | D:15     | Found Marpheug's Armour Emporium.
 42785 | D:15     | Reached skill level 15 in Evocations
 42996 | Snake:1  | Entered Level 1 of the Snake Pit
 44853 | Snake:1  | Found an iron altar of Okawaru.
 47847 | Snake:2  | Acquired a manual of Axes
 48900 | Snake:3  | Noticed Mara
 48927 | Snake:3  | Killed Mara
 49102 | Snake:3  | Reached skill level 1 in Stealth
 49202 | Snake:3  | Reached skill level 18 in Axes
 49219 | Snake:3  | Received a gift from Trog
 49307 | Snake:3  | Found Zivvept's Antique Armour Shop.
 51165 | Snake:3  | Identified the serpent talisman of Filth {Str+6}
 51165 | Snake:3  | Noticed Aizul
 51173 | Snake:3  | Killed Aizul
 51174 | Snake:3  | Reached XP level 17. HP: 132/162 MP: 16/16
 51691 | Snake:4  | Entered Level 4 of the Snake Pit
 54487 | Snake:4  | Reached skill level 19 in Axes
 55549 | Snake:4  | Noticed Vashnia
 55552 | Snake:4  | Killed from afar by a salamander tyrant

Illustrated notes

Levels and vault maps discovered:
D:1:      roderic_crossed_star, layout_loops_corners
D:2:      layout_loops_cross, basic_altar
D:3:      minmay_octagon_keep, layout_basic, mainiacjoe_overflow_alcove_1,
          shapermc_ecumenical_altar_acropolis, hangedman_abyss_or_decor_stabs,
          uniq_natasha
D:4:      layout_basic, amcnicky_altar_gilded
D:5:      layout_rooms, kennysheep_little_box, mainiacjoe_overflow_swirl,
          portal_sewer_entry_a, nrook_campfire, minmay_shop_enchanted_jewellery,
          lightli_corner_chamber, uniq_blork_the_orc
D:6:      kennysheep_steamy, layout_basic, minmay_temple_entry_hall,
          kennysheep_small_circle
D:7:      lemuel_castle_with_subvaults [lemuel_castle_interior_original],
          layout_basic, palyth_temple_overflow_mages, old_standard_altar,
          mainiacjoe_overflow_24_doors, uniq_joseph
D:8:      layout_gridville, nicolae_wu_jian_wuxing_cycle,
          nicolae_ru_great_annihilating_truth, gammafunk_temple_overflow_statue,
          hellmonk_lair_entry_icy, serial_shops, nicolae_square_shop,
          minivault_1
D:9:      layout_irregular_city, nicolae_water_bricks
D:10:     layout_small_grid, mainiacjoe_overflow_small_starburst,
          nicolae_gozag_cash_rules_everything_around_me, nrook_pool_corridor,
          minmay_chambers_of_fives, uniq_erolcha, uniq_grum
D:11:     layout_rooms, serial_aquarium, aquarium_bridge_long_separate
          [aquarium_subvault_wall, aquarium_subvault_bridge,
          aquarium_subvault_bridge, aquarium_subvault_wall,
          aquarium_subvault_bridge, aquarium_subvault_window],
          aquarium_window_2, aquarium_window_1, aquarium_view_2c,
          aquarium_view_2g
D:12:     layout_cave_pools, hiddenorc2_lemuel, uniq_fannar
D:13:     cheibrodos_tormentor_scu, layout_loops_ring, serial_bayou_pond_a,
          minmay_misc_feat_room, minmay_joined_circles
D:14:     layout_gridville, hangedman_vaults_entry_quadrant_bands,
          serial_demonic, serial_demonic_g, serial_demonic_d, serial_demonic_g,
          serial_demonic_f, lemuel_flamethrower_2
D:15:     grunt_enter_depths_magical_seal, layout_rooms, serial_shops, shop,
          nicolae_uskayaw_suspiria
Lair:1:   layout_concentric_octagons, nzn_random_ring
Lair:2:   layout_small_grid, swamp_mist_pool,
          minmay_snake_entry_guardpost_small, minivault_19,
          grunt_forest_large_clearings, serial_bayou_shore_b
Lair:3:   layout_gridlike
Lair:4:   dreamdust_isle_of_ice, layout_hall_layers, slime_entry_1,
          beast_lair_carwin_7
Lair:5:   hangedman_lair_caniforms_friends, layout_layer_cave,
          hangedman_lair_tendril_chambers, lemuel_fruit_tree,
          lemuel_fruit_fields
Snake:1:  layout_cave_shapes, basic_altar, nicolae_snake_gridmaze_spiral,
          drop_trap
Snake:2:  layout_gridlike
Snake:3:  layout_grid_maze, serial_shops, shop, nicolae_snake_salamander_zone,
          uniq_aizul, uniq_mara
Snake:4:  grunt_snake_rune_serpentine_throne, layout_cave_town,
          grunt_megastairs_5
Orc:1:    layout_caves
Orc:2:    st_orc_rangers, layout_caves, serial_shops, shop,
          kennysheep_orc_sif_temple

Skill      XL: |  1  2  3  4  5  6  7  8  9 10 11 12 13 14 15 16 17 |
---------------+----------------------------------------------------+-----
Fighting       | 4 5 6 8 9 10 11 12 14 16 17 | 17.9
Axes           | 4 5 6 7 9 11 12 14 16 17 18 19 | 19.3
Ranged Weapons | 1 2 3 4 5 7 9 10 12 13 15 17 18 | 18.0
Evocations     | 1 2 4 5 7 8 10 11 14 15 | 15.9
Maces & Flails | 6 |  6.8
Armour         | 5 8 9 |  9.8
Dodging        | 4 8 |  8.9
Stealth        | 2 4 |  4.2

Action                     |  1- 3 |  4- 6 |  7- 9 | 10-12 | 13-15 | 16-18 || total
---------------------------+-------+-------+-------+-------+-------+-------++-------
  Melee: Hand axe          |    69 |     2 |       |       |       |       ||    71
         Headbutt          |    12 |    12 |    43 |    93 |    74 |    34 ||   268
         War axe           |       |    56 |    49 |       |       |       ||   105
         Dire flail        |       |       |   153 |   300 |       |       ||   453
         Punch             |       |       |     1 |       |     2 |     1 ||     4
         Broad axe         |       |       |       |    91 |   375 |   123 ||   589
         Flail             |       |       |       |       |     9 |       ||     9
   Fire: Arbalest          |    37 |    74 |   155 |   252 |   804 |   329 ||  1651
  Throw: Stone             |     2 |       |       |       |       |       ||     2
         Dart              |     1 |       |       |     3 |     6 |       ||    10
         Boomerang         |       |       |       |       |     1 |       ||     1
 Invoke: Trog's Hand       |       |     2 |     9 |    15 |    29 |     9 ||    64
         Berserk           |       |     2 |    10 |    12 |    18 |     3 ||    45
  Evoke: Wand              |       |       |     1 |     1 |     6 |     3 ||    11
         Lightning rod     |       |       |       |       |     3 |       ||     3
         Condenser vane    |       |       |       |       |       |     1 ||     1
    Use: Scroll            |       |     2 |     7 |    11 |    16 |     5 ||    41
         Potion            |       |       |       |     1 |     5 |     1 ||     7
   Stab: Invisible         |       |       |       |     1 |       |     2 ||     3
         Distracted        |       |       |       |       |     1 |       ||     1
 Armour: Animal skin       |    30 |       |       |       |       |       ||    30
         Ring mail         |     6 |       |       |       |       |       ||     6
         Chain mail        |    32 |    74 |   257 |   313 |   145 |       ||   821
         Scale mail        |       |       |       |   160 |   175 |       ||   335
         Ice dragon scales |       |       |       |       |     4 |       ||     4
         Acid dragon scale |       |       |       |       |   332 |   279 ||   611
  Dodge: Dodged            |    51 |    52 |   129 |   261 |   354 |   203 ||  1050

Table legend: (Time is in decaauts)
 A = Elapsed time spent in this place.
 B = Non-inter-level travel time spent in this place.
 C = Inter-level travel time spent in this place.
 D = Time resting spent in this place.
 E = Time spent auto-exploring this place.
 F = Levels seen in this place.
 G = Mean time per level.
                   A        B        C        D        E       F      G
               +--------+--------+--------+--------+--------+-----+--------+
         Total |  56591 |  54918 |   1673 |  33395 |  13506 |  27 | 2096.0 |
       Dungeon |  25250 |  24130 |   1120 |  12665 |   7500 |  15 | 1683.3 |
          Lair |  14003 |  13718 |    285 |   8771 |   3084 |   5 | 2800.6 |
     Snake Pit |  12760 |  12545 |    215 |   8913 |   2210 |   4 | 3190.0 |
  Orcish Mines |   4188 |   4136 |     52 |   3001 |    547 |   2 | 2094.0 |
         Sewer |    388 |    388 |      0 |     44 |    164 |   1 |  388.0 |
               +--------+--------+--------+--------+--------+-----+--------+

Top non-repeatable levels by time:
  Lair:5: 7898 daAuts
    D:12: 5116 daAuts
 Snake:3: 3677 daAuts
    D:13: 3642 daAuts
 Snake:4: 3549 daAuts
   Orc:2: 3468 daAuts
 Snake:1: 2884 daAuts
  Lair:4: 2828 daAuts
 Snake:2: 2650 daAuts
     D:7: 2416 daAuts
     D:8: 2104 daAuts
    D:14: 1855 daAuts
     D:6: 1373 daAuts
     D:9: 1226 daAuts
    D:10: 1222 daAuts
